 Dungeon Crawl Stone Soup version 0.21-a0-278-ga722497 (webtiles) character file.

21 Raykoid666 the Skirmisher (level 2, -2/25 HPs)
             Began as a Demonspawn Wanderer on Sept 22, 2017.
             Slain by an iguana (6 damage)
             ... on level 2 of the Dungeon.
             The game lasted 00:02:22 (983 turns).

Raykoid666 the Skirmisher (Demonspawn Wanderer)      Turns: 983, Time: 00:02:23

Health: -2/25      AC:  5    Str: 12    XL:     2   Next: 62%
Magic:  2/2        EV: 10    Int: 13    God:
Gold:   76         SH:  0    Dex: 12    Spells: 1/1 levels left

rFire    . . .     SeeInvis .   a - +2 dagger
rCold    . . .     Gourm    .   (no shield)
rNeg     . . .     Faith    .   c - +0 ring mail
rPois    .         Spirit   .   (no helmet)
rElec    .         Reflect  .   (no cloak)
rCorr    .         Harm     .   (no gloves)
MR       .....                  (no boots)
Stlth    +.........             (no amulet)
HPRegen  0.08/turn              (no ring)
MPRegen  0.08/turn              (no ring)

@: lethally poisoned (-2 -> -6)
A: rot immunity
a: no special abilities


You were on level 2 of the Dungeon.
You were not hungry.

You visited 1 branch of the dungeon, and saw 2 of its levels.

You collected 76 gold pieces.

Inventory:

Hand Weapons
 a - a +2 dagger (weapon)
 d - a +0 hand axe
Armour
 c - a +0 ring mail (worn)
Wands
 n - a wand of polymorph (15/24)
Scrolls
 b - a scroll of fear
 e - a scroll of enchant weapon {unknown}
 h - 2 scrolls of fog {unknown}
 l - a scroll of enchant armour {unknown}
 m - 2 scrolls of identify {unknown}
Potions
 i - a potion of magic
 j - a potion of heal wounds {unknown}
 k - a potion of curing {unknown}
Comestibles
 f - a bread ration
 g - 5 meat rations


   Skills:
 - Level 4.0 Fighting
 - Level 1.0 Axes
 + Level 2.3 Armour
 - Level 2.6 Stealth
 - Level 1.0 Evocations


You had one spell level left.
You didn't know any spells.

Dungeon Overview and Level Annotations

Branches:
Dungeon (2/15)

Altars:


Innate Abilities, Weirdness & Mutations

You are immune to rotting.


Message History

You hit the iguana.
The iguana is lightly wounded.
The iguana bites you.
You hit the iguana.
The iguana is moderately wounded.
You feel sick. The iguana bites you.
* * * LOW HITPOINT WARNING * * *
You barely miss the iguana.
The iguana is moderately wounded.
The iguana bites you but does no damage.
You barely miss the iguana.
The iguana is moderately wounded.
* * * LOW HITPOINT WARNING * * *
You feel sick. The iguana barely misses you.
You hit the iguana but do no damage.
The iguana is moderately wounded.
The iguana barely misses you.
It was a potion of magic.
Magic courses through your body. The iguana bites you.
You die...

...... ..... ....
... .. #.##
#..###.###
#@.......
#l###.### #S.#
#..#
############..#
##.........##..#
#..............#
#..........###...#
#.#...###### ##.##


You could see an iguana and an adder.

Vanquished Creatures
  A worm (D:2)
  A dart slug (D:1)
  A leopard gecko (D:1)
  3 bats (D:1)
  A goblin (D:1)
  2 hobgoblins (D:1)
  2 frilled lizards (D:1)
  2 kobolds (D:1)
  3 rats (D:1)
16 creatures vanquished.

Notes
Turn   | Place    | Note
-------+----------+-------------------------------------------
     0 | D:1      | Raykoid666 the Demonspawn Wanderer began the quest for the Orb.
     0 | D:1      | Raykoid666 set off with: a +2 dagger, a scroll of fear, a +0 ring mail, a +0 hand axe, a bread ration
     0 | D:1      | Reached XP level 1. HP: 19/19 MP: 1/1
   173 | D:1      | Gained mutation: You are immune to rotting. [demonic ancestry]
   173 | D:1      | Reached XP level 2. HP: 20/25 MP: 2/2
   983 | D:2      | Slain by an iguana

Vault maps used:
D:1:      sevenhm_arrival_forest_fort_small_4
D:2:      elyvilon_altar_1, grunt_gozag_statues, uniq_sigmund

Skill      XL: |  1  2 |
---------------+-------+-----
Armour         | 2 |  2.3
Fighting       | |  4.0
Axes           | |  1.0
Stealth        | |  2.6
Evocations     | |  1.0

Action                   || total
-------------------------++-------
Melee: Dagger            ||    61
  Use: Potion            ||     1
Armor: Ring mail         ||    18
Dodge: Dodged            ||    33

Table legend:
 A = Spawn XP
 B = Non-spawn XP
 C = Spawn XP percentage of total XP
 D = Spawn monster count
 E = Non-spawn monster count
 F = Spawn count percentage of total count
 G = Total turns spent on level
                    A         B        C        D         E        F      G
               +---------+---------+-------+---------+---------+-------+---------
         Total |       0 |      30 |   0.0 |       0 |      16 |   0.0 |   983
               +---------+---------+-------+---------+---------+-------+---------
           D:1 |       0 |      25 |   0.0 |       0 |      15 |   0.0 |   490
           D:2 |       0 |       5 |   0.0 |       0 |       1 |   0.0 |   493
               +---------+---------+-------+---------+---------+-------+---------
